cohdb
Replays
Latest Replays
All Replays
Popular Replays
Top Player Replays
Match Explorer
How It Works
Community
CoH3 Stats
Reddit
Sign in to upload your games and track your stats! →
Sign in with Steam
Match 39454138
Unlisted
Match 39454138
Overview
Messages
Build Orders
End
Construct Section Command Post
Vickers Machine Gun Team
Selects Canadian Shock Battlegroup
Dingo Light Scout Car
Infantry Section
Construct Platoon Command Post
Selects Attacking Spirit
Selects Canadian Shock Section
Canadian Shock Section
Canadian Shock Section
Selects Incendiary Munitions
Construct Field Infirmary
Construct Field Infirmary
Infantry Training
6-pounder Anti-tank Gun Team
CMP 15cwt Truck
Unlock Bishop Self-propelled Artillery
Selects Pyrotechnics
Canadian Shock Section
Royal Engineer Section
Bishop Self-propelled Artillery
2nd "PrabowoTower" Pz.Div
Bismarck
屑里夫
tubagznyven
IJustDontCare
爱玩原农锤的素食女权主义跨性别黑人男同
Von
Domino♿ 🚮
0
0
Comments
sign in to comment!
No comments posted yet!